 Dungeon Crawl Stone Soup version 0.31.0-11-ge490571c62 (webtiles) character file.

Game seed: 8418455039584397693

195562 Danswan24 the Warrior (level 17, -5/163 HPs)
             Began as a Minotaur Monk on Feb 5, 2024.
             Was a High Priest of Okawaru.
             Killed from afar by a guardian serpent (9 damage)
             ... with a bolt of poison
             ... on level 3 of the Snake Pit on Feb 6, 2024.
             The game lasted 01:38:44 (39904 turns).

Danswan24 the Warrior (Minotaur Monk)              Turns: 39904, Time: 01:38:45

Health: -5/163     AC: 30    Str: 36    XL:     17   Next: 71%
Magic:  3/23       EV: 17    Int:  7    God:    Okawaru [*****.]
Gold:   1882       SH: 16    Dex: 13    Spells: 16/16 levels left

rFire   . .          .
                       - Unarmed
rCold   . . .        q - +1 kite shield
rNeg    . . .        n - +2 plate armour {rPois}
rPois   .            S - +2 hat
rElec   .            s - +0 cloak
rCorr   .            C - +0 pair of gloves
SInv    .            r - +0 pair of boots
Will    +....        l - amulet of faith Stlth
                     W - +6 ring of strength
HPRegen 0.00/turn    t - +6 ring of strength
MPRegen 0.18/turn

%: faith
@: lethally poisoned (-5 -> -43), heroic, poison vulnerable, inhibited regen,
slowed, very slow
A: horns 2, retaliatory headbutt, inhibited regeneration, no potion heal 1
}: 1/15 runes: decaying
a: Renounce Religion, Heroism, Finesse, Duel


You were on level 3 of the Snake Pit.
You worshipped Okawaru.
Okawaru was extremely pleased with you.
You visited 7 branches of the dungeon, and saw 32 of its levels.
You also visited: Ice Cave.

You collected 2319 gold pieces.
You spent 437 gold pieces at shops.

Inventory:

Missiles
 h - 2 throwing nets (quivered)
Armour
 n - a +2 plate armour of poison resistance (worn)
 q - a +1 kite shield (worn)
 r - a +0 pair of boots (worn)
 s - a +0 cloak (worn)
 C - a +0 pair of gloves (worn)
 S - a +2 hat (worn)
Jewellery
 e - a ring of fire
 k - a +6 ring of dexterity
 l - an amulet of faith (around neck)
 p - a +5 ring of evasion
 t - a +6 ring of strength (right hand)
 D - a ring of protection from cold
 W - a +6 ring of strength (left hand)
Wands
 w - a wand of digging (8)
 E - a wand of charming (14)
Scrolls
 a - a scroll of enchant weapon
 d - 2 scrolls of vulnerability
 f - 6 scrolls of identify
 i - 8 scrolls of fear
 j - 2 scrolls of immolation
 o - 4 scrolls of revelation
 y - 6 scrolls of teleportation
 F - 2 scrolls of fog
 O - 3 scrolls of torment
 R - 2 scrolls of blinking
Potions
 b - 3 potions of ambrosia
 g - a potion of berserk rage
 m - 7 potions of might
 u - 6 potions of curing
 x - 8 potions of cancellation
 z - a potion of resistance
 A - 3 potions of brilliance
 B - 3 potions of haste
 L - 2 potions of attraction
 N - 3 potions of magic
 T - 3 potions of heal wounds
 Z - 2 potions of lignification
Miscellaneous
 c - a lightning rod (4/4)


   Skills:
 + Level 17.9(22.9) Fighting
 + Level 17.5(22.5) Armour
 + Level 15.7(20.7) Dodging
 - Level 14.3(19.3) Shields
 + Level 16.6(21.6) Unarmed Combat
 - Level 10.0 Invocations


You had 16 spell levels left.
You didn't know any spells.
Your spell library contained the following spells:

 Spells                   Type           Power      Damage    Failure   Level
 Apportation              Tloc           0%         N/A       85%         1
 Shock                    Conj/Air       0%         1d3       85%         1
 Ensorcelled Hibernation  Hex/Ice        0%         N/A       94%         2
 Jinxbite                 Hex            0%         N/A       94%         2
 Static Discharge         Conj/Air       0%         3-3/arc   94%         2
 Sublimation of Blood     Necr           0%         N/A       94%         2
 Dazzling Flash           Conj/Hex       0%         N/A       99%         3
 Frozen Ramparts          Ice            0%         1d1       99%         3
 Fugue of the Fallen      Necr           0%         N/A       99%         3
 Ozocubu's Armour         Ice            0%         N/A       99%         3
 Swiftness                Air            0%         N/A       99%         3
 Volatile Blastmotes      Fire/Tloc      0%         2d10      99%         3
 Airstrike                Air            0%         2d(0-16)  100%        4
 Anguish                  Hex/Necr       0%         N/A       100%        4
 Fulminant Prism          Conj/Alch      0%         3d5       100%        4
 Iskenderun's Mystic Bla  Conj/Tloc      0%         2d3       100%        4
 Leda's Liquefaction      Alch/Erth      0%         N/A       100%        4
 Petrify                  Alch/Erth      0%         N/A       100%        4
 Alistair's Intoxication  Alch           0%         N/A       100%        5
 Borgnjor's Vile Clutch   Necr/Erth      0%         N/A       100%        5
 Irradiate                Conj/Alch      0%         3d11      100%        5
 Metabolic Englaciation   Hex/Ice        0%         N/A       100%        5
 Eringya's Noxious Bog    Alch           0%         4d6       100%        6
 Starburst                Conj/Fire      0%         6d3       100%        6
 Maxwell's Capacitive Co  Air            0%         ∞         100%        8
 Call Imp                 Summ           Unusable   N/A       N/A         2
 Summon Lightning Spire   Summ/Air       Unusable   N/A       N/A         4
 Sculpt Simulacrum        Ice/Alch       Unusable   N/A       N/A         6
 Summon Hydra             Summ           Unusable   N/A       N/A         7

Dungeon Overview and Level Annotations

Branches:
Dungeon (15/15) Temple (1/1) D:7 Lair (5/5) D:8 Swamp (4/4) Lair:3 Snake (4/4) Lair:2 Slime (0/5) Lair:4 Orc (2/2) D:11 Elf (0/3) Orc:2 Vaults (0/5) D:12 D:13 Depths (1/4) D:15 IceCv (visited)

Altars:
Ashenzari
Cheibriados
Dithmenos
Elyvilon
Fedhas
Gozag
Hepliaklqana
Kikubaaqudgha
Makhleb
Nemelex Xobeh
Okawaru
Qazlal
Ru
Sif Muna
Trog
Uskayaw
Vehumet
Wu Jian
Xom
Yredelemnul
Zin
The Shining One

Shops:
D:1 :   D:14 :   Orc:2 :*(*   Snake:4 =

Portals:
Pandemonium: Orc:2

Annotations:
D:3 1 runed translucent door, superradish's ghost, amateur OpSh
D:6 2 runed translucent doors, labirda's ghost, novice NaEn
Snake:4 1 runed translucent door


Innate Abilities, Weirdness & Mutations

You have a pair of horns on your head.
You reflexively headbutt those who attack you in melee.
You do not regenerate when monsters are visible.
Potions are less effective at restoring your health.


Message History

The naga warrior spits poison at you. The splash of poison hits you.
You are more poisoned.
You have difficulty breathing.
You feel yourself slow down.
You feel extremely sick.
You feel extremely sick. The naga warrior spits poison at you.
The splash of poison hits you but does no damage.
You are more poisoned.
You have difficulty breathing.
You feel as though you will be slow longer.
You feel extremely sick.
The naga no longer looks unusually strong.
The naga warrior roars a battlecry!
The nagas go into a battle-frenzy!
Found a spear.
You feel extremely sick.
You feel extremely sick.
A guardian serpent comes into view.
The naga spits poison at you. The splash of poison misses you.
You feel very sick.
The guardian serpent shouts!
There is a stone staircase leading up here.
You feel very sick. The naga warrior spits poison at you.
The splash of poison hits you but does no damage.
You are lethally poisoned!
You have difficulty breathing.
* * * LOW HITPOINT WARNING * * *
You feel as though you will be slow longer.
You climb upwards.
The guardian serpent shouts!
* * * LOW HITPOINT WARNING * * *
You feel extremely sick.
You block the guardian serpent's attack. x3
The guardian serpent casts a spell at you.
The bolt of poison hits you!
You are more poisoned.
You die...

## #.#.8.#.##..#[####....## ## #
#.#...#.###...))[.....## ##
#)#...#.# ####.).......####.
##[)[[.## #.....###...... ###'###
#.....# #......
#######....)########....###......
#.8.##.#####.##.8.##.....#.......
.....#.......#...S.#.............
8.<..'...8...)[.@.8#.......######
.....#.......#[....#...#...### ##
#.8.##.#####.##.8.##..##.....###.
#######.).[.#######..###.........
###)### #....####........
##.#)).## ##....# ##....... ##
#.#...#.# ##..#### ##.....# .##
#.#.).#.###.### ##....... ..#
#.#.8.#.##.## ##...####.


You could see a guardian serpent.

Vanquished Creatures
  Mara (Swamp:3)
  A bone dragon (Swamp:4)
  Rupert (D:13)
  Frances (D:14)
  Gastronok (Lair:2)
  Donald (Arena)
  A fenstrider witch (Swamp:3)
  A nagaraja (Snake:3)
  4 eleionomae
  A bunyip (Swamp:4)
  Snorg (D:14)
  Josephine (D:14)
  Fannar (Lair:3)
  8 hydras
  A ghost crab (Swamp:1)
  2 salamander tyrants (Snake:3)
  9 anacondas
  3 catoblepae
  A spriggan air mage (Swamp:4)
  3 alligators
  3 demonspawn (Orc:2)
  4 boulder beetles
  3 two-headed ogres
  A death knight (D:15)
  10 centaur warriors
  A deep troll shaman (Lair:5)
  5 death yaks (Lair:5)
  A deep troll earth mage (D:15)
  10 naga warriors
  A soul eater (Orc:2)
  6 orc high priests (Orc:2)
  Sonja (Lair:1)
  10 shock serpents
  7 naga sharpshooters
  Nergalle (Lair:2)
  2 goliath frogs
  3 sixfirhies
  A salamander mystic (Snake:3)
  2 swamp dragons
  An arcanist (D:14)
  A skyshark (Lair:4)
  11 mana vipers
  A spriggan druid (Swamp:4)
  A death drake (Swamp:4)
  5 spectral alligators (Swamp:4)
  5 orc knights
  8 naga ritualists
  2 lindwurms
  3 phantasmal warriors
  A spectral hydra (Swamp:4)
  9 bog bodies
  4 deep elf pyromancers
  6 orc sorcerers (Orc:2)
  A deep elf zephyrmancer (D:12)
  12 ugly things
  A will-o-the-wisp (Swamp:1)
  A sphinx simulacrum (D:14)
  5 manticores
  6 salamanders
  3 cyclopes
  A meliai (shapeshifter) (D:15)
  3 meliai (D:15)
  4 guardian serpents
  5 kobold blastminers
  11 naga magi
  41 black mambas
  7 elephants (Lair:5)
  A smoke demon (Orc:2)
  5 centaur zombies (D:11)
  9 cane toads
  Jeremiah (D:9)
  7 komodo dragons
  3 swamp worm zombies (Swamp:4)
  2 rime drakes
  2 unseen horrors
  3 ice devils (IceCv)
  A tengu conjurer (D:15)
  2 hydra zombies (Swamp:4)
  A red devil (Orc:2)
  3 polar bears
  6 trolls
  15 blink frogs
  A bloated husk (Swamp:4)
  4 tyrant leeches
  3 raiju (D:12)
  3 hornets (Swamp:4)
  A raiju (shapeshifter) (D:13)
  13 dream sheep
  3 spectral swamp dragons (Swamp:4)
  A meliai zombie (D:11)
  5 shadows
  8 slime creatures
  3 vampires
  A ynoxinul (Orc:2)
  4 spriggans (Swamp:4)
  6 wraiths
  44 yaks
  5 tyrant leech zombies (Swamp:4)
  16 humans (D:12)
  4 wyverns
  Grum (Lair:1)
  5 basilisks
  2 wargs (Orc:2)
  3 vampire mosquitoes (Swamp:1)
  2 steam dragons
  14 swamp worms
  38 nagas
  20 water moccasins
  3 acid dragons
  30 orc warriors
  2 sky beasts (D:6)
  5 swamp drakes
  An ice beast (D:6)
  2 black bears
  5 swamp dragon zombies (Swamp:4)
  11 wolves
  14 centaurs
  5 ogres
  4 boggarts
  10 phantoms (Swamp:4)
  4 kobold brigands
  13 bullfrogs
  A gnoll sergeant (D:9)
  3 cane toad simulacra
  2 scorpions (D:5)
  A two-headed ogre simulacrum (IceCv)
  7 wights
  13 killer bees
  6 howler monkeys
  A hound (D:5)
  4 jellies
  21 orc priests
  3 iguanas
  A gnoll bouda (D:5)
  3 troll simulacra (D:12)
  12 orc wizards
  6 gnolls
  17 adders
  3 naga simulacra (D:12)
  3 shadow imps
  An ufetubus (IceCv)
  5 dart slugs
  2 ribbon worms (D:2)
  74 orcs
  3 ball pythons
  5 bats
  8 endoplasms
  2 goblins
  7 hobgoblins
  8 jackals
  16 kobolds
  3 quokkas
  6 frilled lizards
  5 rats
906 creatures vanquished.

Vanquished Creatures (others)
  4 bloated husks
  An orc wizard (D:12)
  2 orcs (D:12)
7 creatures vanquished.

Grand Total: 913 creatures vanquished

Notes
Turn   | Place    | Note
-------+----------+-------------------------------------------
     0 | D:1      | Danswan24 the Minotaur Monk began the quest for the Orb.
     0 | D:1      | Reached XP level 1. HP: 19/19 MP: 0/0
   270 | D:1      | Found Yleed's Book Shoppe.
   276 | D:1      | Reached XP level 2. HP: 24/27 MP: 1/1
   981 | D:2      | Reached skill level 1 in Armour
   981 | D:2      | Reached skill level 1 in Shields
   981 | D:2      | Reached XP level 3. HP: 33/33 MP: 2/2
  1255 | D:2      | Reached XP level 4. HP: 41/41 MP: 3/3
  2057 | D:3      | Found a faded altar of an unknown god.
  2240 | D:3      | Found a white marble altar of Elyvilon.
  2297 | D:3      | Found a runed translucent door.
  2479 | D:3      | Noticed superradish's ghost (amateur OpSh)
  2510 | D:4      | Reached XP level 5. HP: 47/47 MP: 4/4
  2990 | D:5      | Entered Level 5 of the Dungeon
  3193 | D:4      | Found a hazy altar of Hepliaklqana.
  3252 | D:4      | Reached skill level 5 in Fighting
  3393 | D:4      | Reached XP level 6. HP: 46/56 MP: 5/5
  3800 | D:5      | Reached skill level 5 in Unarmed Combat
  3951 | D:5      | Identified the +2 ring mail of Pride {Rampage Dex+2}
  3957 | D:5      | Reached XP level 7. HP: 62/62 MP: 6/6
  4547 | D:6      | Reached skill level 5 in Shields
  4552 | D:6      | Reached skill level 5 in Armour
  4698 | D:6      | Found a large runed translucent door.
  4698 | D:6      | Found a large runed translucent door.
  4718 | D:6      | Reached XP level 8. HP: 56/71 MP: 7/7
  5077 | D:6      | Noticed labirda's ghost (novice NaEn)
  5175 | D:7      | Found a staircase to the Ecumenical Temple.
  5185 | Temple   | Entered the Ecumenical Temple
  5211 | Temple   | Became a worshipper of Warmaster Okawaru
  5211 | Temple   | Reached * piety under Okawaru
  5211 | Temple   | Reached ** piety under Okawaru
  5344 | D:7      | Reached skill level 1 in Invocations
  6481 | D:8      | Noticed a komodo dragon
  6496 | D:8      | Reached skill level 5 in Invocations
  6496 | D:8      | Reached XP level 9. HP: 70/79 MP: 10/12
  6501 | D:8      | Reached *** piety under Okawaru
  6730 | D:8      | Killed a komodo dragon
  6901 | D:8      | Found a stormy altar of Qazlal.
  6910 | D:8      | Found a glowing silver altar of Zin.
  6954 | D:8      | Found a staircase to the Lair.
  7035 | D:8      | Reached **** piety under Okawaru
  7363 | Lair:1   | Entered Level 1 of the Lair of Beasts
  7364 | Lair:1   | Noticed a polar bear
  7377 | D:9      | Noticed Jeremiah
  7402 | Lair:1   | Killed a polar bear
  7403 | Lair:1   | Reached skill level 5 in Dodging
  7436 | Lair:1   | Noticed a cane toad
  7442 | Lair:1   | Killed a cane toad
  7443 | Lair:1   | Reached XP level 10. HP: 90/90 MP: 11/14
  7449 | Lair:1   | Noticed a catoblepas
  7465 | Lair:1   | Killed a catoblepas
  7619 | Lair:1   | Noticed a cane toad
  7631 | Lair:1   | Killed a cane toad
  7704 | Lair:1   | Found the crystal ball of Wucad Mu {*channel}
  7757 | Lair:1   | Reached ***** piety under Okawaru
  7868 | Lair:1   | Noticed Grum
  7878 | Lair:1   | Killed Grum
  8092 | Lair:1   | Identified the +5 chain mail of the Wilderness {rF+ Stlth+}
  8149 | Lair:1   | Noticed Sonja
  8164 | Lair:1   | Killed Sonja
  8165 | Lair:1   | Reached skill level 10 in Fighting
  8165 | Lair:1   | Reached XP level 11. HP: 62/99 MP: 13/15
  8649 | Lair:2   | Noticed an eight-headed hydra
  8660 | Lair:2   | Killed an eight-headed hydra
  8660 | Lair:2   | Received a gift from Okawaru
  8994 | Lair:2   | Noticed Gastronok
  9024 | Lair:2   | Killed Gastronok
  9234 | Lair:2   | Found a staircase to the Snake Pit.
  9241 | Lair:2   | Reached skill level 10 in Armour
  9273 | Lair:2   | Reached skill level 10 in Unarmed Combat
  9331 | Lair:2   | Received a gift from Okawaru
  9539 | Lair:2   | Noticed Nergalle
  9547 | Lair:2   | Killed Nergalle
 10039 | Lair:3   | Noticed a lindwurm
 10050 | Lair:3   | Killed a lindwurm
 10050 | Lair:3   | Received a gift from Okawaru
 10080 | Lair:3   | Found a staircase to the Swamp.
 10080 | Lair:3   | Noticed a bog body
 10091 | Lair:3   | Killed a bog body
 10154 | Lair:3   | Found a shimmering altar of Xom.
 10281 | Lair:3   | Reached XP level 12. HP: 94/111 MP: 13/16
 10320 | Lair:3   | Received a gift from Okawaru
 10750 | Lair:3   | Noticed Fannar
 10763 | Lair:3   | Killed Fannar
 11170 | Lair:4   | Noticed a boulder beetle
 11201 | Lair:4   | Killed a boulder beetle
 11202 | Lair:4   | Reached skill level 10 in Dodging
 11388 | Lair:4   | Found a staircase to the Slime Pits.
 11388 | Lair:4   | Noticed a boulder beetle
 11418 | Lair:4   | Killed a boulder beetle
 11572 | Lair:4   | Noticed a catoblepas
 11588 | Lair:4   | Killed a catoblepas
 11594 | Lair:4   | Received a gift from Okawaru
 11689 | Lair:4   | Identified the +5 chain mail of Quepror {*Slow rF+ rCorr
                  | Int+5}
 11704 | Lair:4   | Identified the +0 leather armour of the Nexus {rF+ rN+
                  | Int+3}
 11776 | Lair:4   | Identified the +3 halberd of the Baking Butterfly {vamp,
                  | rF+ Str+3 Int+3 Dex-4}
 12223 | Lair:5   | Entered Level 5 of the Lair of Beasts
 12223 | Lair:5   | Noticed a boulder beetle
 12455 | Lair:5   | Killed a boulder beetle
 12733 | Lair:5   | Noticed a six-headed hydra
 12744 | Lair:5   | Killed a six-headed hydra
 12745 | Lair:5   | Reached XP level 13. HP: 119/122 MP: 14/17
 12810 | Lair:5   | Received a gift from Okawaru
 13834 | Lair:5   | Received a gift from Okawaru
 13901 | Lair:5   | Identified the +0 flail "Kicuv" {venom, rC+ rCorr Int+3
                  | Stlth-}
 14235 | D:9      | Killed Jeremiah
 15020 | D:10     | Entered Level 10 of the Dungeon
 15335 | D:10     | Found a sparkling altar of Nemelex Xobeh.
 16089 | D:11     | Found a staircase to the Orcish Mines.
 16506 | D:11     | Received a gift from Okawaru
 16515 | D:11     | Reached XP level 14. HP: 107/133 MP: 16/18
 16892 | D:11     | Found a hide-covered altar of Uskayaw.
 17277 | D:12     | Found a frozen archway.
 17361 | D:12     | Identified the +5 quick blade "Jex Rintis" {elec, rPois
                  | Int+2 Stlth+}
 17400 | D:12     | Received a gift from Okawaru
 17534 | IceCv    | Entered an ice cave
 17988 | D:12     | Identified the +6 ring mail of Fideolimarr {rF+ rC+ Dex+4}
 18251 | D:12     | Reached skill level 15 in Fighting
 18486 | D:13     | Found a gate to the Vaults.
 18741 | D:12     | Received a gift from Okawaru
 19402 | D:13     | Noticed Rupert
 19440 | D:13     | Killed Rupert
 19675 | D:13     | Found a stormy altar of Qazlal.
 20174 | Orc:1    | Entered Level 1 of the Orcish Mines
 20577 | Orc:1    | Reached skill level 15 in Armour
 20807 | Orc:2    | Entered Level 2 of the Orcish Mines
 20876 | Orc:2    | Found a staircase to the Elven Halls.
 21189 | Orc:2    | Found Larulef's General Store.
 21193 | Orc:2    | Found Goneremo's General Store.
 21221 | Orc:2    | Received a gift from Okawaru
 22045 | Orc:2    | Bought a scroll of identify for 32 gold pieces
 22045 | Orc:2    | Bought a scroll of identify for 32 gold pieces
 22045 | Orc:2    | Bought a potion of curing for 48 gold pieces
 22045 | Orc:2    | Bought 2 potions of curing for 96 gold pieces
 22047 | Orc:2    | Bought a scroll of blinking for 127 gold pieces
 22047 | Orc:2    | Bought a scroll of identify for 34 gold pieces
 22047 | Orc:2    | Bought a potion of brilliance for 68 gold pieces
 22079 | Orc:2    | Paralysed by an orc sorcerer for 5 turns
 22405 | Orc:2    | Paralysed by an orc sorcerer for 5 turns
 23034 | Orc:2    | Reached XP level 15. HP: 99/143 MP: 13/19
 23306 | Orc:2    | Gained mutation: You do not regenerate when monsters are
                  | visible. [a neqoxec]
 23560 | Orc:2    | Found Sumis's Book Shoppe.
 23560 | Orc:2    | Found Cayl's Antique Weapon Emporium.
 23560 | Orc:2    | Found a one-way gate leading to the halls of Pandemonium.
 23787 | D:14     | Noticed Snorg
 23795 | D:14     | Killed Snorg
 23857 | D:14     | Noticed Frances
 23862 | D:14     | Gained mutation: Potions are less effective at restoring
                  | your health. [a neqoxec]
 23865 | D:14     | Killed Frances
 23866 | D:14     | Reached skill level 15 in Unarmed Combat
 24021 | D:14     | Noticed Josephine
 24038 | D:14     | Killed Josephine
 24554 | D:14     | Received a gift from Okawaru
 24558 | D:15     | Entered Level 15 of the Dungeon
 25165 | D:14     | Found a sparkling altar of Nemelex Xobeh.
 25231 | D:14     | Found Igam's Book Emporium.
 26696 | D:15     | Found a staircase to the Depths.
 27249 | D:15     | Received a gift from Okawaru
 27632 | Depths:1 | Entered Level 1 of the Depths
 27957 | Swamp:1  | Entered Level 1 of the Swamp
 28746 | Swamp:2  | Noticed Donald
 28890 | Arena    | Entered the Arena
 28895 | Arena    | Killed Donald
 29037 | Swamp:1  | Received a gift from Okawaru
 29038 | Swamp:1  | Reached skill level 15 in Dodging
 29167 | Swamp:4  | Entered Level 4 of the Swamp
 29890 | Swamp:3  | Reached XP level 16. HP: 98/155 MP: 20/20
 30019 | Swamp:3  | Noticed Mara
 30033 | Swamp:3  | Noticed Danswan24's illusion
 30055 | Swamp:3  | Killed Mara
 30583 | Swamp:4  | Paralysed by a fenstrider witch for 5 turns
 30949 | Swamp:3  | Reached skill level 10 in Shields
 31776 | Swamp:4  | Noticed a bone dragon
 31802 | Swamp:4  | Killed a bone dragon
 32495 | Swamp:4  | Got a decaying rune of Zot
 32813 | Swamp:2  | Identified the +3 leather armour "Mefum" {rElec Int+2
                  | Dex-4}
 33658 | Snake:1  | Entered Level 1 of the Snake Pit
 33739 | Snake:1  | Received a gift from Okawaru
 35455 | Snake:3  | Reached XP level 17. HP: 36/161 MP: 17/22
 36259 | Snake:3  | Reached skill level 10 in Invocations
 37030 | Snake:3  | Received a gift from Okawaru
 38954 | Snake:4  | Entered Level 4 of the Snake Pit
 38956 | Snake:4  | Received a gift from Okawaru
 39296 | Snake:4  | Found Mihooh's Jewellery Emporium.
 39740 | Snake:4  | Found a runed translucent door.
 39904 | Snake:3  | HP: 4/163 [poisoned by naga warrior (concentrated venom)]
 39904 | Snake:3  | Killed from afar by a guardian serpent

Illustrated notes

Levels and vault maps discovered:
D:1:      spicycebolla_arrival_xxxplode, layout_basic, serial_shops,
          nicolae_diamond_shop, minmay_stone_trees_medium
D:2:      layout_basic, serial_rivers, chequers_serial_rivers_marsh,
          chequers_serial_rivers_room_a, chequers_serial_rivers_large_b,
          chequers_serial_rivers_micro_e, minmay_tetromino_t2
D:3:      layout_rooms, nicolae_elyvilon_temple_path, basic_ecumenical_altar,
          ebering_ghost_reflecting_pool
D:4:      layout_gridville, nzn_hepliaklqana_mist_gate
D:5:      layout_basic, nicolae_zig_zag_zippers
D:6:      layout_basic, ebering_ghost_disaster_area, dk_noncrumbling_4
D:7:      nicolae_cairo_tiling, layout_basic, minmay_temple_entry_trees
D:8:      layout_cave_pools, amethyst_overflow_temple_binary,
          david_lair_shrubbed
D:9:      layout_long_grid, uniq_jeremiah
D:10:     layout_irregular_city, mainiacjoe_overflow_cross_hatched
D:11:     layout_basic, erik_orc_3, serial_undead, serial_undead_c,
          serial_undead_f, serial_undead_e, serial_undead_e, serial_undead_d,
          serial_undead_b, eat_drink_and_be_merry_uskayaw
D:12:     minmay_shoctagon, layout_irregular_city,
          portal_ice_cave_entry_ice_simulacra
D:13:     layout_basic, david_vaults_3, nicolae_qazlal_scattered_showers,
          uniq_rupert
D:14:     layout_roguey, nemelex_diamond_rough_becter, serial_shops,
          nicolae_shop_advertising_works [nicolae_subvault_shop_adworks],
          kennysheep_another_room, uniq_josephine, uniq_frances, uniq_snorg
D:15:     hellmonk_depths_entry_around_the_bend, layout_basic,
          serial_park_square3 [serial_park_minivault_5x5_4]
Temple:   bh_familiar_temple
Lair:1:   layout_small_grid, uniq_grum, uniq_sonja
Lair:2:   layout_concentric_octagons, minmay_snake_entry_six_corridors,
          grunt_megastairs_2, uniq_nergalle, uniq_gastronok
Lair:3:   layout_cellular_growth, skrybe_swamp_entry_bodies, basic_altar,
          uniq_fannar
Lair:4:   layout_hall_layers, minmay_slime_entry_pillars, serial_bayou_shore_b,
          serial_bayou_shore_b
Lair:5:   grunt_lair_end_beastmaster, layout_long_grid, grunt_megastairs_3
Swamp:1:  layout_basic_swamp, nicolae_swamp_bean_lake, swamp_pool_3
Swamp:2:  layout_falls_marsh, evilmike_swamp_ruin_house_3,
          nicolae_swamp_decorative_isthmus, infiniplex_staircase_pool,
          uniq_donald
Swamp:3:  layout_basic_swamp, evilmike_swamp_ruin_house_2, swamp_pool_1_2,
          infiniplex_staircase_pool_2, nicolae_swamp_long_stream, uniq_mara
Swamp:4:  swamp_pestilence, layout_basic_swamp, swamp_pool_5
Snake:1:  nicolae_snake_unarmed_stairs_patrol, layout_grid_maze, uniq_aizul,
          uniq_roxanne, uniq_azrael
Snake:2:  layout_layer_cave
Snake:3:  layout_grid_shapes, nicolae_snake_squiggles, grunt_megastairs_1
Snake:4:  snake_pit_salamanders_mu, layout_grid_shapes, serial_shops, shop,
          ebering_ghost_reflecting_pool, serial_bayou_shore_b
Orc:1:    layout_diamond_mine, serial_shops, shop, nicolae_shop_self_help
Orc:2:    pf_orc_diabolical, layout_diamond_mine, lightli_orcish_oven
Depths:1: layout_cave_pools, enter_ziggurat_f, serial_shops, shop, hell_entry,
          minmay_holes, serial_sigils_hangedman_confine, minmay_door_square,
          zin_angel

Skill      XL: |  1  2  3  4  5  6  7  8  9 10 11 12 13 14 15 16 17 |
---------------+----------------------------------------------------+-----
Fighting       | 4 5 6 7 8 10 11 13 14 15 17 | 17.9
Armour         | 1 2 3 4 5 7 9 10 12 14 15 16 17 | 17.5
Shields        | 1 2 3 4 5 6 14 | 14.3
Unarmed Combat | 4 5 6 7 9 10 12 13 14 15 16 | 16.6
Invocations    | 5 7 8 10 | 10.0
Dodging        | 5 7 9 10 12 13 15 | 15.7

Action                     |  1- 3 |  4- 6 |  7- 9 | 10-12 | 13-15 | 16-18 || total
---------------------------+-------+-------+-------+-------+-------+-------++-------
  Melee: Unarmed           |    83 |   159 |   242 |   494 |  1297 |   919 ||  3194
         Headbutt          |     6 |    32 |    65 |   136 |   319 |   229 ||   787
 Invoke: Heroism           |       |       |     5 |    16 |    26 |    18 ||    65
         Finesse           |       |       |       |     4 |     8 |     5 ||    17
         Duel              |       |       |       |       |     1 |       ||     1
    Use: Scroll            |       |       |    18 |       |    20 |     2 ||    40
         Potion            |       |       |     1 |     1 |     6 |     6 ||    14
   Stab: Sleeping          |       |       |     1 |       |       |       ||     1
         Petrified         |       |       |       |     3 |     6 |       ||     9
 Armour: Robe              |     3 |       |       |       |       |       ||     3
         Ring mail         |    23 |       |    50 |       |       |       ||    73
         Scale mail        |     9 |    70 |       |       |       |       ||    79
         Plate armour      |       |       |    58 |   258 |  1107 |   474 ||  1897
  Dodge: Dodged            |    51 |   125 |   108 |   292 |   990 |   365 ||  1931
  Block: Buckler           |    12 |    47 |    49 |   134 |   350 |       ||   592
         Kite shield       |       |       |       |       |    39 |   586 ||   625
